 Dungeon Crawl Stone Soup version 0.18-a0-1577-gf591c28 (webtiles) character file.

125675 namelastname112 the Sharpshooter (level 16, -7/151 HPs)
             Began as a Yellow Draconian Wanderer on Mar 20, 2016.
             Was an Initiate of Ashenzari.
             Mangled by a black mamba (10 damage)
             ... on level 1 of the Snake Pit.
             The game lasted 01:39:04 (46280 turns).

namelastname112 the Sharpshooter (DrWn)            Turns: 46280, Time: 01:39:04

Health: -7/151     AC: 14    Str: 17    XL:     16   Next: 42%
Magic:  16/16      EV: 26    Int: 15    God:    Ashenzari [......]
Gold:   296        SH:  0    Dex: 16    Spells: 1 memorised, 14 levels left

rFire  + . .     SeeInvis .     b - +3 arbalest (flame) (curse)
rCold  . . .     Gourm    .     (armour unavailable)
rNeg   + . .     Faith    .     (shield currently unavailable)
rPois  +         Spirit   .     o - +0 hat (curse)
rElec  .         Dismiss  .     n - +2 cloak (curse)
rCorr  +         Reflect  .     J - +0 pair of gloves {Str+3} (curse)
SustAt .         Harm     .     m - +0 pair of boots {Stlth+} (curse)
MR     +....                    V - macabre finger necklace {rN+} (curse)
Stlth  +++.......               q - ring of poison resistance (curse)
                                R - ring of protection from fire (curse)
                                E - +5 ring of evasion (curse)

@: studying Fighting, somewhat resistant to hostile enchantments, fairly
stealthy
A: spit acid, acid resistance, unfitting armour, acidic bite, cold-blooded, AC
+9
a: Spit Acid, Curse Item, Renounce Religion


You were on level 1 of the Snake Pit.
You worshipped Ashenzari.
Ashenzari was noncommittal.
You were not hungry.

You visited 5 branches of the dungeon, and saw 27 of its levels.
You also visited: Volcano.

You collected 9834 gold pieces.
You spent 4441 gold pieces at shops.
You paid 5097 gold pieces to Gozag.

Inventory:

Hand Weapons
 a - a cursed +2 whip of electrocution
 b - a cursed +3 arbalest of flaming (weapon)
 W - the +13 Scythe of Curses {drain, *Curse}
   (You found it on level 8 of the Lair of Beasts)

   A truly terrible weapon, it drains the life of those it strikes.
   It may re-curse itself when equipped.
Missiles
 r - 4 bolts (quivered)
 w - 13 bolts of flame
 C - a throwing net
Armour
 m - a cursed +0 pair of boots of stealth (worn)
 n - a cursed +2 cloak (worn)
 o - a cursed +0 hat (worn)
 G - a +1 hat
 J - a cursed +0 pair of gloves of strength (worn)
Jewellery
 q - a cursed ring of poison resistance (right hand)
 E - a cursed +5 ring of evasion (on amulet)
 R - a cursed ring of protection from fire (left hand)
 T - a cursed amulet of regeneration
 V - the cursed macabre finger necklace (around neck) {rN+}
   (You bought it in a shop on level 1 of the Lair of Beasts)

   [amulet of nothing]

   It protects you from negative energy.
   It has a curse placed upon it.
 Y - a cursed ring of see invisible
Wands
 d - a wand of disintegration (9/24)
 l - a wand of acid (3/15)
 v - a wand of confusion (17/48)
 y - a wand of disintegration (8/24)
 z - a wand of iceblast (10/15)
 H - a wand of disintegration (1/24)
 L - a wand of digging (1/24)
 O - a wand of iceblast (9/15)
 P - a wand of iceblast (7/15)
Scrolls
 i - 5 scrolls of remove curse
 j - 4 scrolls of magic mapping
 t - 3 scrolls of recharging
 u - 3 scrolls of enchant weapon
 F - a scroll of teleportation
 Q - 2 scrolls of silence
 S - 5 scrolls of amnesia
 U - 2 scrolls of enchant armour
 Z - a scroll of identify
Potions
 c - a potion of berserk rage
 e - a potion of magic
 g - a potion of haste
 h - 5 potions of flight
 k - a potion of resistance
 p - 6 potions of brilliance
 s - 3 potions of might
 A - a potion of lignification
 D - a potion of cancellation
 I - a potion of cure mutation {unknown}
 K - a potion of agility
 M - 2 potions of invisibility
 N - a potion of heal wounds
Books
 x - a manual of Fighting
Miscellaneous
 X - a plain deck of summoning {drawn: 5}
Comestibles
 f - 3 bread rations


   Skills:
 - Level 15.8 Fighting
   Level 1.2 Short Blades
 - Level 11.9 Maces & Flails
 + Level 7.6 Polearms
 - Level 16.6 Crossbows
 - Level 12.3 Dodging
 - Level 2.6 Stealth
 - Level 1.0 Evocations


You had 14 spell levels left.
You knew the following spells:

 Your Spells              Type           Power        Failure   Level  Hunger
a - Apportation           Tloc           #.........   28%         1    ##.....


Dungeon Overview and Level Annotations

Branches:
Dungeon (15/15)            Temple (1/1) D:7            Lair (8/8) D:11
 Shoals (0/4) Lair:3        Snake (1/4) Lair:5        Slime (0/6) Lair:7
    Orc (2/2) D:9             Elf (0/3) Orc:2        Vaults (0/5) D:14
 Depths: D:15

Altars:
Ashenzari
Cheibriados
Dithmenos
Elyvilon
Fedhas
Gozag
Kikubaaqudgha
Makhleb
Okawaru
Pakellas
Qazlal
Sif Muna
Trog
Vehumet
Zin
The Shining One
Beogh
Jiyva

Shops:
D:6 %   D:8 (   D:9 ?   D:11 *[[=   D:12 %   Orc:2 :[(!}   Lair:1 [[==[

Portals:
Trove: D:15 (give 7 potions of haste)

Annotations:
D:15 Azrael, Nessos
Lair:7 1 runed door


Innate Abilities, Weirdness & Mutations

You can spit globs of acid.
You are resistant to acid.
Your golden yellow scales are hard (AC +9).
Your body does not fit into most forms of armour.
You have acidic saliva.
You are cold-blooded and may be slowed by cold attacks.


Message History

* * * LOW HITPOINT WARNING * * *
The black mamba misses you. The black mamba completely misses you.
Drink which item? (? for menu, Esc to quit)
You feel much better.
The black mamba bites you but does no damage.
The black mamba bites you!
* * * LOW HITPOINT WARNING * * *
The black mamba completely misses you. The black mamba barely misses you.
Firing (i - inventory. (,) - cycle):
r - 5 bolts (quivered)
Press: ? - help, Shift-Dir - straight line, f/p - black mamba
Aim: a black mamba (almost dead)
You shoot a bolt.
The bolt completely misses the black mamba.
The black mamba bites you!
* * * LOW HITPOINT WARNING * * *
The black mamba completely misses you. The black mamba barely misses you. x2
Drink which item? (? for menu, Esc to quit)
Gozag petitions for your drink to fail. The black mamba bites you!
You die...

...........##................#
#........(.##...(.####.......#
#..........(......####.......#
............(................#
.............................#
.............................#
..S............(.............#
...............)SS...........#
.........(.....(@............#
.............................#
............................)#
.............................#
######################.......#
######################.......#
......................)......#
.............................#
.............................#


You could see 2 black mambas.

Vanquished Creatures
  Rupert (D:15)
  A stone giant (Orc:1)
  Snorg (D:12)
  2 vault guards (D:14)
  Harold (D:10)
  Fannar (Lair:1)
  13 hydras
  A naga warrior (Snake:1)
  4 anacondas (Snake:1)
  2 ogre magi (Orc:2)
  Erolcha (Orc:2)
  9 death yaks
  A death knight (D:10)
  4 centaur warriors
  An orc high priest (Orc:1)
  A tengu warrior (D:14)
  2 shock serpents (Snake:1)
  Urug (D:11)
  Sonja (D:11)
  Nergalle (Orc:2)
  A fire crab (Lair:7)
  2 unseen horrors (D:13)
  A naga ritualist (Snake:1)
  Pikel (D:4)
  An orc knight (Orc:2)
  2 wizards (D:14)
  7 hill giants
  A wolf spider zombie (D:13)
  A deep elf mage (D:14)
  2 mana vipers (Snake:1)
  A necromancer (D:14)
  8 orc sorcerers
  19 ugly things
  A manticore (D:13)
  3 griffons
  12 black mambas
  2 cyclopes
  A siren (Lair:3)
  5 elephants (Lair:8)
  Joseph (D:9)
  A naga mage (Snake:1)
  A molten gargoyle (Volcano)
  4 centaur zombies
  5 gargoyles
  22 spiny frogs
  8 komodo dragons
  5 rime drakes
  3 kobold demonologists
  9 trolls
  2 giant leeches (Lair:8)
  19 blink frogs
  A two-headed ogre (D:13)
  16 slime creatures
  2 vampires
  2 wraiths
  5 shadows
  11 hippogriffs
  3 fire elementals
  19 humans (D:14)
  50 yaks
  Eustachio (D:4)
  A steam dragon (D:8)
  3 basilisks
  5 wyverns
  13 vampire mosquitoes
  Menkaure (D:7)
  2 insubstantial wisps (D:8)
  A mottled dragon (D:15)
  8 nagas
  3 hell hounds
  15 water moccasins
  10 porcupines
  Duvessa (D:4)
  A hornet simulacrum (D:14)
  5 ice beasts
  19 orc warriors
  A slave (D:4)
  5 sky beasts
  An eye of draining (D:13)
  A wasp (D:15)
  A black bear (D:6)
  3 phantoms
  27 centaurs
  21 ogres
  3 necrophages
  6 wolves (Lair:6)
  8 big kobolds
  16 crocodiles
  41 giant frogs
  A wyvern zombie (D:14)
  Dowan (D:4)
  5 scorpions
  5 killer bees (D:12)
  6 electric eels
  21 wights
  3 howler monkeys
  7 crimson imps
  A giant frog zombie (D:11)
  A quasit (D:8)
  6 jellies
  20 orc priests
  4 centaur skeletons
  5 giant frog skeletons
  9 hounds
  39 orc wizards
  7 iguanas
  Terence (D:2)
  18 worker ants
  8 sheep
  A howler monkey zombie (D:5)
  12 adders
  A howler monkey skeleton (D:6)
  41 river rats
  19 gnolls
  7 shadow imps
  4 oozes
  2 adder zombies
  4 worms
  5 dart slugs
  8 giant geckos
  103 orcs
  7 giant cockroaches
  8 goblins
  10 hobgoblins
  12 jackals
  38 kobolds
  5 quokkas
  3 bats
  3 giant newts
  A quokka skeleton (D:9)
  5 rats
  A fungus (Lair:8)
1000 creatures vanquished.

Vanquished Creatures (collateral kills)
  An anaconda (Snake:1)
  5 ugly things (D:15)
  A cyclops (D:15)
  A fire elemental (D:15)
  A hippogriff (Lair:5)
  A porcupine (Lair:5)
  An orc wizard (D:14)
11 creatures vanquished.

Vanquished Creatures (others)
  A centaur (D:5)
  A giant frog (D:15)
  2 jellies
  A centaur skeleton (D:5)
  2 adders (D:4)
  A shadow imp (D:15)
  An orc (D:4)
  A bush (Lair:2)
  34 fungi
  11 plants
55 creatures vanquished.

Grand Total: 1066 creatures vanquished

Notes
Turn   | Place    | Note
--------------------------------------------------------------
     0 | D:1      | namelastname112 the Draconian Wanderer began the quest for the Orb.
     0 | D:1      | namelastname112 set off with: a +2 dagger, a potion of haste, a potion of curing, a +0 hand crossbow, 26 bolts, a bread ration
     0 | D:1      | Reached XP level 1. HP: 19/19 MP: 1/1
    23 | D:1      | Reached skill level 2 in Crossbows
    70 | D:1      | Reached XP level 2. HP: 26/26 MP: 2/2
   480 | D:2      | Reached skill level 1 in Short Blades
   480 | D:2      | Reached XP level 3. HP: 29/31 MP: 3/3
   978 | D:2      | Noticed Terence
   984 | D:2      | Killed Terence
   984 | D:2      | Reached XP level 4. HP: 37/40 MP: 4/4
  1068 | D:2      | Reached skill level 3 in Crossbows
  1307 | D:2      | Reached XP level 5. HP: 40/46 MP: 5/5
  3012 | D:4      | Reached skill level 4 in Crossbows
  3012 | D:4      | Reached XP level 6. HP: 50/53 MP: 6/6
  3104 | D:4      | Noticed a slave
  3118 | D:4      | Killed a slave
  3213 | D:4      | Noticed Pikel
  3213 | D:4      | Noticed a slave
  3213 | D:4      | Noticed a slave
  3213 | D:4      | Noticed a slave
  3248 | D:4      | Killed Pikel
  3248 | D:4      | Reached skill level 5 in Fighting
  3248 | D:4      | Reached skill level 5 in Crossbows
  3248 | D:4      | Your scales start taking on a golden yellow colour.
  3248 | D:4      | Reached XP level 7. HP: 23/61 MP: 7/7
  3600 | D:4      | Noticed Duvessa
  3603 | D:4      | Noticed Dowan
  4041 | D:4      | Killed Duvessa
  4044 | D:4      | Killed Dowan
  4044 | D:4      | Reached skill level 1 in Maces & Flails
  4218 | D:4      | Noticed Eustachio
  4236 | D:4      | Killed Eustachio
  4236 | D:4      | Reached skill level 6 in Crossbows
  4236 | D:4      | Reached XP level 8. HP: 55/70 MP: 8/8
  4425 | D:5      | Entered Level 5 of the Dungeon
  4620 | D:4      | HP: 3/70 [hound (7)]
  4927 | D:5      | Found a white marble altar of Elyvilon.
  5563 | D:5      | Found a glowing silver altar of Zin.
  5566 | D:5      | Found an opulent altar of Gozag.
  5808 | D:5      | Became a worshipper of Gozag Ym Sagoz the Greedy
  6042 | D:6      | Reached skill level 7 in Crossbows
  6115 | D:6      | Reached skill level 5 in Dodging
  6313 | D:6      | Reached XP level 9. HP: 78/78 MP: 9/9
  6548 | D:6      | Found Nuelutip's Food Boutique.
  6894 | D:7      | Noticed Menkaure
  6898 | D:7      | Killed Menkaure
  7107 | D:7      | Found a staircase to the Ecumenical Temple.
  7111 | D:7      | Reached skill level 8 in Crossbows
  8712 | D:8      | Found a stormy altar of Qazlal.
  8751 | D:8      | Found Raopity's Weapon Emporium.
  8895 | D:8      | Reached skill level 5 in Maces & Flails
  8895 | D:8      | Reached XP level 10. HP: 36/88 MP: 10/10
  8902 | D:8      | Reached skill level 9 in Crossbows
  9192 | D:8      | Noticed a green ugly thing
  9228 | D:8      | Killed a green ugly thing
 10320 | D:8      | Got an ichor-stained spear
 10321 | D:8      | Identified the +5 spear of Emmeff {venom, Int+2 Stlth+} (You found it on level 8 of the Dungeon)
 11687 | D:9      | Noticed a hill giant
 11717 | D:9      | Noticed Joseph
 11729 | D:9      | Killed Joseph
 11729 | D:9      | Reached skill level 10 in Crossbows
 11802 | D:9      | Killed a hill giant
 12172 | D:9      | Reached XP level 11. HP: 83/97 MP: 11/11
 12295 | D:9      | Found Malodeodgh's Magic Scroll Shoppe.
 12300 | D:9      | Found a staircase to the Orcish Mines.
 12301 | D:9      | Bought a scroll of blinking for 90 gold pieces
 12301 | D:9      | Bought a scroll of acquirement for 624 gold pieces
 12301 | D:9      | Bought a scroll of acquirement for 624 gold pieces
 12544 | D:10     | Entered Level 10 of the Dungeon
 12822 | D:10     | Noticed a hill giant
 12830 | D:10     | Killed a hill giant
 12926 | D:10     | Noticed a griffon
 12934 | D:10     | Killed a griffon
 13406 | D:10     | Noticed a hill giant
 13415 | D:10     | Killed a hill giant
 13431 | D:10     | Noticed a death knight
 13454 | D:10     | Killed a death knight
 13454 | D:10     | Reached skill level 11 in Crossbows
 13714 | D:11     | Found Qesuw's Armour Boutique.
 13734 | D:11     | Noticed Urug
 13735 | D:11     | Noticed Sonja
 14048 | D:11     | Found Ziothrur's Antique Armour Shoppe.
 14048 | D:11     | Noticed Harold
 14063 | D:10     | Killed Harold
 14063 | D:10     | Reached skill level 10 in Fighting
 14120 | D:11     | Killed Sonja
 14182 | D:11     | Noticed a green ugly thing
 14364 | D:11     | Killed a green ugly thing
 14800 | D:11     | Noticed a hill giant
 14832 | D:11     | Killed a hill giant
 14960 | D:11     | Killed Urug
 15063 | D:11     | Found Bolimam's Jewellery Emporium.
 15093 | D:11     | epen: лол
 15110 | D:11     | Found Odghux's Assorted Antiques.
 15118 | D:11     | epen: всё это время я был не залогиненым
 15123 | D:11     | namelastname112: лол
 15123 | D:11     | Bought a twisted hand crossbow for 255 gold pieces
 15124 | D:11     | epen: слыш
 15124 | D:11     | Identified the cursed +0 hand crossbow "Rakag" {freeze, rElec rC- Stlth+} (You bought it in a shop on level 11 of the Dungeon)
 15125 | D:11     | epen: а коробка чё делает?
 15126 | D:11     | namelastname112: ну смотри
 15126 | D:11     | namelastname112: вот есть скилл
 15126 | D:11     | namelastname112: эвокейшнс
 15126 | D:11     | namelastname112: он влияет на силу вандов, родов
 15126 | D:11     | namelastname112: короче всей хуйни на v
 15126 | D:11     | namelastname112: и на коробку тоде
 15126 | D:11     | namelastname112: тоже
 15126 | D:11     | namelastname112: а коробка это короче оче пиздатая штука
 15126 | D:11     | namelastname112: если у тебя большие эвоки
 15126 | D:11     | namelastname112: ты коробку юзаешь
 15126 | D:11     | namelastname112: и оттуда зверь вылезает
 15126 | D:11     | namelastname112: который все ебет
 15126 | D:11     | epen: гидра может?
 15126 | D:11     | namelastname112: не
 15126 | D:11     | namelastname112: там не такие зверьки
 15126 | D:11     | namelastname112: там ебанутые
 15342 | D:11     | Reached XP level 12. HP: 83/107 MP: 12/12
 15645 | D:11     | Found a staircase to the Lair.
 15650 | D:11     | Found Oggoudif's Jewellery Boutique.
 16595 | D:12     | Reached skill level 12 in Crossbows
 16993 | D:12     | Found Ohalaik's Food Shoppe.
 17317 | D:12     | Noticed Snorg
 18226 | D:12     | Killed Snorg
 18373 | D:13     | Noticed a centaur warrior
 19207 | D:12     | Killed a centaur warrior
 20827 | D:12     | namelastname112: пиздец сука
 20827 | D:12     | epen: лол
 20827 | D:12     | epen: норм ебету
 20827 | D:12     | namelastname112: болтов вообще нет
 20827 | D:12     | epen: а покажи абилки
 20827 | D:12     | namelastname112: ща бы яктавров парочку
 20827 | D:12     | epen: лол
 20827 | D:12     | epen: даже не мутировал
 20827 | D:12     | namelastname112: ну
 20827 | D:12     | namelastname112: мне не с чего
 20827 | D:12     | namelastname112: разве что с зелий
 21636 | D:13     | Reached XP level 13. HP: 114/116 MP: 13/13
 22119 | D:14     | Reached skill level 13 in Crossbows
 23529 | D:14     | epen: ооо
 23543 | D:13     | epen: щас намутируешь
 23613 | D:13     | namelastname112: лолита
 23613 | D:13     | namelastname112: у меня трупы в золото превращаются
 23652 | D:13     | epen: а
 23663 | D:14     | epen: бля
 23677 | D:14     | epen: так вообще что ли все?
 24034 | D:14     | Reached skill level 10 in Dodging
 24075 | D:14     | namelastname112: ну да
 24942 | D:14     | Reached skill level 10 in Maces & Flails
 25175 | D:14     | Noticed a vault guard
 25182 | D:14     | Noticed a vault guard
 25198 | D:14     | Killed a vault guard
 25290 | D:14     | Killed a vault guard
 25290 | D:14     | Reached skill level 14 in Crossbows
 25486 | D:14     | Found a gate to the Vaults.
 26174 | D:14     | Gained mutation: You have acidic saliva. [Yellow Draconian growth]
 26174 | D:14     | Reached XP level 14. HP: 86/127 MP: 14/14
 26710 | D:15     | Entered Level 15 of the Dungeon
 26792 | D:15     | Found a portal to a secret trove of treasure.
 26836 | D:15     | Noticed Rupert
 26867 | D:15     | Killed Rupert
 27518 | Orc:1    | Entered Level 1 of the Orcish Mines
 27544 | Orc:1    | Found a dark tunnel.
 27570 | Volcano  | Entered a volcano
 27584 | Volcano  | epen: говно
 27587 | Volcano  | epen: лол
 28094 | Orc:1    | Noticed a stone giant
 28096 | Orc:1    | namelastname112: ну сука
 28096 | Orc:1    | namelastname112: че мне так не везет
 28096 | Orc:1    | namelastname112: стоун джаент на орк:1
 28117 | Orc:1    | Killed a stone giant
 28847 | Orc:1    | Found a roughly hewn altar of Beogh.
 29120 | Orc:2    | Entered Level 2 of the Orcish Mines
 29120 | Orc:2    | Found a staircase to the Elven Halls.
 29251 | Orc:2    | Found Zimm's Gadget Boutique.
 29983 | Orc:2    | Found Ethrirhudgh's Antique Armour Emporium.
 29990 | Orc:2    | Bought a pair of embroidered boots for 94 gold pieces
 30043 | Orc:2    | Found an ancient bone altar of Kikubaaqudgha.
 30044 | Orc:2    | Noticed Nergalle
 30277 | Orc:2    | epen: ммм
 30284 | Orc:2    | epen: дрэйн
 30398 | Orc:2    | Found Mauri's Antique Weapon Emporium.
 30411 | Orc:2    | Killed Nergalle
 30692 | Orc:2    | namelastname112: шлюха дешевая
 30694 | Orc:2    | Found a radiant altar of Vehumet.
 30695 | Orc:2    | Noticed Erolcha
 30699 | Orc:2    | Killed Erolcha
 30821 | Orc:2    | Found a roughly hewn altar of Beogh.
 30821 | Orc:2    | Found Reuferph's Book Shoppe.
 30930 | Orc:2    | Found Weoni's Distillery.
 31327 | Orc:2    | Bought a manual of Fighting for 1545 gold pieces
 31434 | Lair:1   | Entered Level 1 of the Lair of Beasts
 31600 | Lair:1   | Learned a level 1 spell: Apportation
 31629 | Lair:1   | Noticed Fannar
 31637 | Lair:1   | Killed Fannar
 31637 | Lair:1   | Reached skill level 15 in Crossbows
 34358 | Lair:3   | Found a staircase to the Shoals.
 34365 | Lair:3   | Reached XP level 15. HP: 137/137 MP: 15/15
 35663 | Lair:4   | Got a jewelled rapier
 35666 | Lair:4   | Identified the cursed +3 rapier of Makhleb's Regard {pierce, rElec rPois MP-9} (You found it on level 4 of the Lair of Beasts)
 36063 | Lair:4   | epen: Имя
 36076 | Lair:4   | epen: Если ты кот-волшебник
 36088 | Lair:4   | epen: то где твоя мантия?
 36230 | Lair:3   | namelastname112: я обменял её на монокль
 37469 | Lair:5   | Found a staircase to the Snake Pit.
 37947 | Snake:1  | Entered Level 1 of the Snake Pit
 38613 | Lair:6   | Reached skill level 16 in Crossbows
 39477 | Lair:7   | Found a runed door.
 39478 | Lair:7   | Found a viscous altar of Jiyva.
 39511 | Lair:7   | Reached skill level 15 in Fighting
 40299 | Lair:7   | Found a staircase to the Slime Pits.
 40341 | Lair:8   | Entered Level 8 of the Lair of Beasts
 40423 | Lair:8   | namelastname112: сукаааааааааааааа
 40423 | Lair:8   | namelastname112: нееееееееееет
 40423 | Lair:8   | namelastname112: только не этот говняный эндинг опять
 40423 | Lair:8   | namelastname112: ненавижу блять
 40491 | Lair:8   | epen: лол
 40510 | Lair:8   | epen: почему?
 40552 | Lair:7   | namelastname112: тут кучи ебаных жаб
 40552 | Lair:7   | namelastname112: и угрей
 40552 | Lair:7   | namelastname112: и их тут прям ДОХУЯ
 40552 | Lair:7   | epen: а мне вот со сприганами не нравится
 40552 | Lair:7   | namelastname112: ну увидишь
 40830 | Lair:7   | namelastname112: мне со спригганами тоже не нравится
 41003 | Lair:8   | epen: патронов мало
 41016 | Lair:8   | namelastname112: да
 41016 | Lair:8   | namelastname112: пиздец
 41016 | Lair:8   | namelastname112: поэтому я обычно если лучником играю
 41016 | Lair:8   | namelastname112: то иду к коковаре
 41024 | Lair:8   | epen: _You hear a distant "Zot"!
 41033 | Lair:8   | epen: чё?
 41033 | Lair:8   | namelastname112: f
 41033 | Lair:8   | namelastname112: а
 41033 | Lair:8   | namelastname112: кто-то в зот-ловушку наступил
 41108 | Lair:8   | epen: хуёво тебе без трупов
 41108 | Lair:8   | epen: истощал
 41108 | Lair:8   | namelastname112: я тебе покажу, че за ловушка
 41108 | Lair:8   | namelastname112: если найду
 41517 | Lair:8   | epen: лол
 41517 | Lair:8   | epen: это же считай портал в аббис
 41517 | Lair:8   | namelastname112: ну
 41517 | Lair:8   | namelastname112: как портал
 41517 | Lair:8   | namelastname112: она тебя скорее всего сразу в пятый отправит
 41517 | Lair:8   | epen: лел
 41517 | Lair:8   | namelastname112: может оче злых демонов вызвать
 41517 | Lair:8   | epen: а я вот думал
 41517 | Lair:8   | namelastname112: или просто взорваться нахуй
 41529 | Lair:8   | epen: на пятом этаже руну легче найти
 41544 | Lair:8   | epen: но там и пиздец больший
 41544 | Lair:8   | epen: так?
 41544 | Lair:8   | namelastname112: да
 41544 | Lair:8   | namelastname112: так
 41620 | Lair:8   | Reached XP level 16. HP: 132/150 MP: 16/16
 41859 | Lair:8   | namelastname112: Ох щи
 41859 | Lair:8   | namelastname112: мама родная
 41859 | Lair:8   | namelastname112: так
 41859 | Lair:8   | namelastname112: я даже не знаю
 41859 | Lair:8   | namelastname112: оче хочется поюзать эту штуку
 41859 | Lair:8   | namelastname112: но я хз, смогу ли я тогда стрелять нормально
 42232 | Lair:7   | Reached skill level 1 in Polearms
 42446 | Lair:1   | Bought the macabre finger necklace {rN+} for 317 gold pieces
 42450 | Lair:1   | epen: лол
 42451 | Lair:1   | epen: и как?
 42451 | Lair:1   | Bought the -2 cloak of Morality {rPois rF+} for 177 gold pieces
 42475 | Lair:1   | epen: выебал бы марселин?
 42478 | Lair:1   | epen: вот я бы выебал
 42481 | Lair:1   | namelastname112: ты бы финна выебал
 42748 | D:15     | epen: будто ты -- нет
 42884 | D:15     | Noticed Azrael
 42902 | D:15     | Noticed Nessos
 43303 | D:15     | namelastname112: смотри хуйня какая
 43303 | D:15     | namelastname112: все итемы мне прокляла
 43821 | D:11     | Reached skill level 5 in Polearms
 43983 | D:10     | namelastname112: лаги
 43983 | D:10     | namelastname112: пиздец
 43998 | Lair:1   | Bought a +5 ring of evasion for 715 gold pieces
 44073 | Temple   | Entered the Ecumenical Temple
 44117 | Temple   | Fell from the grace of Gozag
 44117 | Temple   | Became a worshipper of Ashenzari the Shackled
 44459 | Snake:1  | namelastname112: ну
 44459 | Snake:1  | namelastname112: мне пизда
 44459 | Snake:1  | namelastname112: сам виноват
 44459 | Snake:1  | namelastname112: по сути
 44461 | Snake:1  | HP: 3/151 [anaconda (9)]
 45035 | Snake:1  | epen: лол
 45049 | Snake:1  | epen: ну наги медленные
 45052 | Snake:1  | epen: чё ты
 45055 | Snake:1  | namelastname112: ну
 45055 | Snake:1  | namelastname112: наги медленные
 45055 | Snake:1  | namelastname112: а вот анаконды - нет
 46276 | Snake:1  | HP: 7/151 [black mamba (8)]
 46277 | Snake:1  | HP: 2/151 [black mamba (11)]
 46280 | Snake:1  | Mangled by a black mamba

Vault maps used:
D:1:      minmay_arrival_three_doors, minmay_liquid_box, moated_statue
D:2:      first_bread, uniq_terence
D:3:      st_stairs_1
D:4:      uniq_duvessa, uniq_pikel, uniq_eustachio
D:5:      grunt_temple_overflow_gold_and_silver, elyvilon_altar_1,
          lemuel_flamethrower_2
D:6:      serial_shops, nicolae_shop_waterfront, grunt_decor_arrowhead,
          hangedman_abyss_or_decor_stabs, kennysheep_opposing_triangles
D:7:      minmay_temple_entry_purple_smoke, grunt_ogre_cave, uniq_menkaure
D:8:      overflow_temple_1_default, serial_shops, shop, hangedman_misty_isle
D:9:      orc_0_dummy, serial_shops, shop, minivault_23,
          minmay_misc_feat_enclosed, uniq_joseph
D:10:     serial_column_ruins, column_ruins_open_tiny_water,
          column_ruins_open_tiny, column_ruins_open_medium,
          kennysheep_generic_room_6
D:11:     lair_0_dummy, serial_shops, shop, shop, nicolae_shop_crystal, shop,
          nicolae_shop_window_shopping, kennysheep_generic_room_14, uniq_urug,
          uniq_sonja, uniq_harold
D:12:     serial_shops, shop, uniq_snorg
D:14:     grunt_vaults_entry_tiered, minmay_misc_feat_secret_circle
D:15:     grunt_enter_depths_magical_seal, minmay_misc_feat_hallway,
          nicolae_trove_entry_crossroad, uniq_nessos, uniq_agnes, uniq_azrael,
          uniq_rupert
Temple:   nicolae_temple_elliptical
Lair:1:   lemuel_fruit_tree, grunt_megastairs_5, uniq_fannar
Lair:2:   grunt_megastairs_4
Lair:3:   minmay_shoals_entry_lonely_mermaid
Lair:4:   serial_bayou_shore_a
Lair:5:   guppyfry_snake_entry_island, serial_bayou_crossing, grunt_megastairs_3
Lair:6:   small_statue_intersection
Lair:7:   slime_altar_2
Lair:8:   minmay_lair_end_frog_pond, serial_bayou_shore_b
Orc:1:    enter_volcano_3, minmay_orc_temple_c
Orc:2:    kennysheep_orc_mage_school, serial_shops, nicolae_shop_stone
Volcano:  volcano_overflow

Skill      XL: |  1  2  3  4  5  6  7  8  9 10 11 12 13 14 15 16 |
---------------+-------------------------------------------------+-----
Crossbows      | 2 3 4 5 6 7 8 10 11 12 14 15 16 | 16.6
Short Blades   | 1 |  1.2
Dodging        | 2 3 4 5 6 7 8 9 10 11 12 | 12.3
Fighting       | 4 5 6 7 9 10 11 12 13 15 | 15.8
Maces & Flails | 1 3 5 6 7 9 10 11 | 11.9
Polearms       | 7 |  7.6
Stealth        | |  2.6
Evocations     | |  1.0

Action                   |  1- 3 |  4- 6 |  7- 9 | 10-12 | 13-15 | 16-18 || total
-------------------------+-------+-------+-------+-------+-------+-------++-------
Melee: Dagger            |    97 |   167 |       |       |       |       ||   264
       Whip              |       |       |   309 |   951 |  2084 |   103 ||  3447
       Spear             |       |       |       |    38 |       |       ||    38
       Scythe            |       |       |       |       |       |   135 ||   135
 Fire: Hand crossbow     |    15 |    65 |   141 |    74 |       |       ||   295
       Arbalest          |       |       |       |    66 |   326 |    75 ||   467
Throw: Throwing net      |       |       |     1 |    13 |     7 |     1 ||    22
Invok: Call Merchant     |       |       |       |       |       |     5 ||     5
 Abil: Spit Acid         |       |       |     9 |    24 |    16 |     2 ||    51
Evoke: Wand              |       |       |     2 |     5 |       |     3 ||    10
       Phantom mirror    |       |       |       |     1 |       |       ||     1
       Deck              |       |       |       |       |     2 |     3 ||     5
  Use: Potion            |       |     1 |     2 |     2 |     4 |     9 ||    18
       Scroll            |       |       |    10 |    15 |    16 |     8 ||    49
 Stab: Sleeping          |     3 |     3 |     5 |     2 |    17 |     1 ||    31
       Distracted        |       |       |     1 |     3 |    10 |     3 ||    17
       Held in net/web   |       |       |       |     7 |     2 |       ||     9
  Eat: Chunk             |       |     7 |     8 |       |       |       ||    15
       Pizza             |       |       |     1 |     3 |     1 |       ||     5
       Beef jerky        |       |       |     8 |     1 |     4 |       ||    13
       Fruit             |       |       |     6 |     3 |     8 |     1 ||    18
       Meat ration       |       |       |       |     5 |     4 |     1 ||    10
       Bread ration      |       |       |       |     1 |     8 |     2 ||    11
       Royal jelly       |       |       |       |       |     1 |       ||     1
